Map: Galactic Process LE

Players

akaBoogeyman - Winner!

  • Race: Protoss Protoss
  • League: Platinum
  • Spawn Location: 1:00

Amix

  • Race: Protoss Protoss
  • League: Platinum
  • Spawn Location: 7:00

VOD

Have the link to the VOD?

Description

Time

  • Played on: Nov. 6, 2016, 3:41 p.m.
  • Length: 3:40
Show
View Real Time Build Order
Export as new Build Order

akaBoogeyman Protoss - Winner!

Build Orders:  

Get SALT Encoding   

  12  0:02  Probe (Chrono Boost)  
  13  0:12  Probe (Chrono Boost)  
  14  0:19  Pylon  
  14  0:32  Probe (Chrono Boost)  
  15  0:40  Gateway  
  15  0:43  Probe (Chrono Boost)  
  15  0:45  Assimilator  
  16  0:54  Probe (Chrono Boost)  
  17  1:05  Probe (Chrono Boost)  
  17  1:08  Pylon  
  17  1:09  Assimilator  
  18  1:15  Probe (Chrono Boost)  
  19  1:26  Probe (Chrono Boost)  
  19  1:27  Cybernetics Core  
  20  1:36  Probe (Chrono Boost)  
  22  1:47  Probe (Chrono Boost)  
  22  1:57  Probe (Chrono Boost)  
  23  2:04  Stalker  
  23  2:08  Probe (Chrono Boost)  
  26  2:12  Pylon  
  26  2:19  Probe (Chrono Boost)  
  26  2:22  Gateway  
  27  2:27  Gateway  
  27  2:31  Mothership Core (Chrono Boost)  
  29  2:38  Stalker (Chrono Boost)  
  35  3:20  Pylon  
  35  3:33  Pylon  
Show
View Real Time Build Order
Export as new Build Order

Amix Protoss 

Build Orders:  

Get SALT Encoding   

  12  0:01  Probe (Chrono Boost)  
  13  0:12  Probe (Chrono Boost)  
  14  0:23  Pylon  
  14  0:24  Probe (Chrono Boost)  
  15  0:48  Gateway  
  15  0:56  Pylon  
  15  0:57  Probe (Chrono Boost)  
  16  1:06  Assimilator  
  16  1:08  Assimilator  
  16  1:15  Gateway  
  16  1:48  Cybernetics Core  
  16  1:52  Zealot  
  18  1:58  Gateway  
  18  2:03  Probe (Chrono Boost)  
  19  2:14  Probe (Chrono Boost)  
  20  2:19  Pylon  
  20  2:33  Zealot  
  22  2:40  Probe (Chrono Boost)  
  23  2:50  Probe (Chrono Boost)  
Tags
 
Add a new tag
Caveats
  • Supply blocks, unpowered buildings, or Contaminate may cause inaccurate times.
  • Supply counts are checked every 10 seconds.